 Dungeon Crawl Stone Soup version 0.22-a0-305-gd21a89c (webtiles) character file.

85 xccam the Cudgeler (level 4, 0/35 HPs)
             Began as a Formicid Monk on Mar 30, 2018.
             Slain by an adder (4 damage)
             ... on level 2 of the Dungeon.
             The game lasted 00:03:25 (1948 turns).

xccam the Cudgeler (Formicid Monk)                  Turns: 1948, Time: 00:03:26

Health: 0/35       AC:  3    Str: 13 (16) XL:     4   Next: 75%
Magic:  4/4        EV: 12    Int:  8 (10) God:
Gold:   96         SH:  0    Dex: 11 (13) Spells: 3/3 levels left

rFire    . . .     SeeInvis +   a - +0 mace
rCold    . . .     Gourm    .   (no shield)
rNeg     . . .     Faith    .   b - +0 robe
rPois    .         Spirit   .   (helmet unavailable)
rElec    .         Reflect  .   (no cloak)
rCorr    .         Harm     .   i - +0 pair of gloves
MR       .....                  (no boots)
Stlth    ++........             (no amulet)
HPRegen  0.11/turn              (no ring)
MPRegen  0.09/turn              (no ring)

@: lethally poisoned (0 -> -5)
A: permanent stasis, dig shafts and tunnels, four strong arms, antennae 3
a: Dig, Shaft Self


You were on level 2 of the Dungeon.
You were not hungry.

You visited 1 branch of the dungeon, and saw 2 of its levels.

You collected 96 gold pieces.

Inventory:

Hand Weapons
 a - a +0 mace (weapon)
Armour
 b - a +0 robe (worn)
 i - a +0 pair of gloves (worn)
Scrolls
 d - a scroll of remove curse {unknown}
 e - 2 scrolls of teleportation {unknown}
 f - a scroll of fog {unknown}
 h - a scroll of amnesia {unknown}
 j - a scroll of fear {unknown}
Potions
 g - a potion of degeneration
Comestibles
 c - a ration


   Skills:
 - Level 3.2 Fighting
 + Level 5.1 Maces & Flails
 - Level 2.6 Dodging
 - Level 2.4 Stealth


You had 3 spell levels left.
You didn't know any spells.

Dungeon Overview and Level Annotations

Branches:
Dungeon (2/15)

Altars:
Ashenzari


Innate Abilities, Weirdness & Mutations

You cannot be hasted, slowed, berserked, paralysed or teleported.
You can dig through walls and to a lower floor.
Your four strong arms can wield two-handed weapons with a shield.
You have a pair of large antennae on your head. (SInv)


Message History

The adder is almost dead.
The adder bites you.
* * * LOW HITPOINT WARNING * * *
You are lethally poisoned!
The adder poisons you! The rat misses you.
You closely miss the adder.
The adder is almost dead.
The adder bites you but does no damage. The rat bites you but does no damage.
The adder completely misses you.
It was a potion of degeneration.
There was something very wrong with that liquid.
You feel weakened.
You feel dopey.
You feel clumsy.
* * * LOW HITPOINT WARNING * * *
You feel sick. The rat bites you.
* * * LOW HITPOINT WARNING * * *
The adder barely misses you.
You hit the adder but do no damage.
The adder is almost dead.
The adder bites you.
You die...

######### #######
#........ #.$...#
####.....<..
#.Sr..###...........
#..@..#...##........
#.......#####.####..
#.....### #.# #..
#.....# #.# #..
#..[(.. #.# #..
#.....## #.# ##.
#.....# #.# ##.
#..?..# ..# #..
#####.. ...###..


You could see an adder and a rat.

Vanquished Creatures
  3 adders (D:2)
  An ooze (D:2)
  2 worms (D:2)
  2 dart slugs
  3 giant cockroaches (D:2)
  5 hobgoblins (D:1)
  6 jackals (D:1)
  5 bats
  6 goblins
  4 kobolds
  3 rats (D:1)
40 creatures vanquished.

Notes
Turn   | Place    | Note
-------+----------+-------------------------------------------
     0 | D:1      | xccam the Formicid Monk began the quest for the Orb.
     0 | D:1      | Reached XP level 1. HP: 18/18 MP: 1/1
    20 | D:1      | Reached XP level 2. HP: 16/24 MP: 2/2
    23 | D:1      | HP: 1/24 [hobgoblin/club (5)]
   374 | D:1      | Found a shattered altar of Ashenzari.
   499 | D:1      | Reached skill level 4 in Maces & Flails
   499 | D:1      | Reached XP level 3. HP: 3/29 MP: 3/3
  1516 | D:2      | Reached XP level 4. HP: 19/35 MP: 4/4
  1731 | D:2      | Reached skill level 5 in Maces & Flails
  1948 | D:2      | Slain by an adder

Vault maps used:
D:1:      grunt_arrival_crossed_arrows, nrook_loot_triangle,
          evilmike_ruin_ashenzari
D:2:      chequers_temple_overflow_minitemple, first_ration

Skill      XL: |  1  2  3  4 |
---------------+-------------+-----
Maces & Flails | 4 5 |  5.1
Fighting       | |  3.2
Dodging        | |  2.6
Stealth        | |  2.4

Action                   |  1- 3 |  4- 6 || total
-------------------------+-------+-------++-------
Melee: Mace              |   140 |    53 ||   193
  Use: Potion            |       |     1 ||     1
 Stab: Sleeping          |     1 |     1 ||     2
       Distracted        |     1 |       ||     1
  Eat: Ration            |     1 |       ||     1
Armor: Robe              |    33 |    17 ||    50
Dodge: Dodged            |   107 |    46 ||   153

Table legend:
 A = Spawn XP
 B = Non-spawn XP
 C = Spawn XP percentage of total XP
 D = Spawn monster count
 E = Non-spawn monster count
 F = Spawn count percentage of total count
 G = Total turns spent on level
                    A         B        C        D         E        F      G
               +---------+---------+-------+---------+---------+-------+---------
         Total |       0 |     122 |   0.0 |       0 |      40 |   0.0 |  1948
               +---------+---------+-------+---------+---------+-------+---------
           D:1 |       0 |      35 |   0.0 |       0 |      20 |   0.0 |  1337
           D:2 |       0 |      87 |   0.0 |       0 |      20 |   0.0 |   611
               +---------+---------+-------+---------+---------+-------+---------
